 Dungeon Crawl Stone Soup version 0.31-a0-846-gb3bcc0d938 (webtiles) character file.

Game seed: 2211002123433107686

51191 Flugkiller the Frost Mage (level 14, -8/113 HPs)
             Began as a Ghoul Ice Elementalist on Oct 4, 2023.
             Was the Champion of Jiyva.
             Mangled by Snorg (14 damage)
             ... on level 12 of the Dungeon.
             The game lasted 00:27:20 (15507 turns).

Flugkiller the Frost Mage (Ghoul Ice Elementalist) Turns: 15507, Time: 00:27:20

Health: -8/113     AC: 25    Str: 16    XL:     14   Next: 1%
Magic:  19/27      EV: 10    Int: 17    God:    Jiyva [******]
Gold:   560        SH: 11    Dex:  9    Spells: 18/34 levels left

rFire   . . .        M - +8 whip "Snakebite" {venom, curare, rPois}
rCold   + + +        S - +2 buckler {rC+}
rNeg    + + +        C - +3 scale mail of Meuq {Int+3}
rPois   ∞            Y - +0 helmet
rElec   .            I - +1 cloak {rCorr}
rCorr   +            s - +2 pair of gloves {Str+3}
SInv    .            Z - +3 pair of mountain boots {steadfast, rC+}
Will    +....        O - amulet of reflection Stlth
                     (no ring)
HPRegen 1.60/turn    (no ring)
MPRegen 0.70/turn

%: reflection
@: ice-armoured, slimy, freezing walls, inhibited regen, studying Ice Magic
A: claws 1, cold resistance 1, negative energy resistance 3, inhibited
regeneration, torment resistance 2, devour on kill
}: 1/15 runes: slimy
a: Renounce Religion, Oozemancy, Slimify


You were on level 12 of the Dungeon.
You worshipped Jiyva.
Jiyva was exalted by your worship.
You visited 3 branches of the dungeon, and saw 22 of its levels.
You also visited: Sewer, Gauntlet and Ice Cave.

You collected 560 gold pieces.

Inventory:

Hand Weapons
 x - the +6 morningstar of Jukem {freeze, Contam Dex+5}
   (You found it in an ice cave)

   Dex+5:     It affects your dexterity (+5).
   Contam:    It causes magical contamination when unequipped.
 B - the +4 sling of Instant Death {drain, rElec rPois rCorr}
   (You found it on level 8 of the Dungeon)

   rElec:     It insulates you from electricity.
   rPois:     It protects you from poison rCorr: It protects you from acid and
   corrosion.
 M - the +8 whip "Snakebite" (weapon) {venom, curare, rPois}
   (You found it on level 5 of the Pits of Slime)

   rPois:     It protects you from poison
 N - a +0 broad axe
   (You found it on level 1 of the Lair of Beasts)
Missiles
 e - 3 throwing nets
 F - 3 curare-tipped darts (quivered)
Armour
 s - a +2 pair of gloves of strength (worn)
   (You found it in a Gauntlet)
 C - the +3 scale mail of Meuq (worn) {Int+3}
   (You found it on level 5 of the Pits of Slime)

   Int+3:     It affects your intelligence (+3).
 H - the +2 leather armour of the Snake Pit {rC++ Str+2 Slay-5 Stlth+}
   (You found it in a Gauntlet)

   Str+2:     It affects your strength (+2).
   Slay-5:    It affects your accuracy & damage with ranged weapons and melee
   (-5).
   rC++:      It greatly protects you from cold.
   Stlth+:    It makes you more stealthy.
 I - a +1 cloak of preservation (worn)
   (You took it off Maurice on level 10 of the Dungeon)
 J - a +0 troll leather armour
   (You found it on level 10 of the Dungeon)
 S - a +2 buckler of cold resistance (worn)
   (You took it off a tengu warrior on level 11 of the Dungeon)
 Y - a +0 helmet (worn)
   (You found it on level 4 of the Lair of Beasts)
 Z - the +3 pair of mountain boots (worn) {steadfast, rC+}
   (You found it in a Gauntlet)

   Steadfast: It prevents involuntary movement, except for blinking,
   teleportation, or banishment.
   rC+:       It protects you from cold.
Magical Staves
 v - a staff of death
   (You found it on level 5 of the Dungeon)
 Q - a staff of fire
   (You found it on level 11 of the Dungeon)
Jewellery
 b - an amulet of faith
   (You found it on level 6 of the Dungeon)
 E - an amulet of the acrobat
   (You found it on level 9 of the Dungeon)
 O - an amulet of reflection (around neck)
   (You found it on level 10 of the Dungeon)
Wands
 h - a wand of charming (12)
   (You found it on level 5 of the Dungeon)
 q - a wand of flame (27)
   (You found it on level 4 of the Dungeon)
 X - a wand of digging (5)
   (You found it on level 4 of the Lair of Beasts)
Scrolls
 a - 2 scrolls of fear
 g - a scroll of silence
 j - a scroll of fog
 l - a scroll of enchant armour
 n - 2 scrolls of brand weapon
 o - a scroll of immolation
 t - 8 scrolls of teleportation
 y - a scroll of poison
 z - a scroll of blinking
 A - a scroll of torment {unknown}
 D - a scroll of acquirement {unknown}
 P - a scroll of revelation {unknown}
 R - a scroll of amnesia {unknown}
 U - a scroll of vulnerability
 W - 3 scrolls of enchant weapon {unknown}
Potions
 c - a potion of berserk rage {unknown}
 d - a potion of enlightenment
 f - 3 potions of attraction
 i - 2 potions of brilliance
 k - a potion of ambrosia {unknown}
 m - a potion of magic
 p - a potion of invisibility
 u - a potion of resistance {unknown}
 G - a potion of mutation {unknown}
 L - a potion of curing {unknown}
 T - a potion of might {unknown}
 V - 2 potions of lignification {unknown}
Miscellaneous
 w - a sack of spiders (inert)
   (You found it in a Gauntlet)


   Skills:
 - Level 7.0 Fighting
 + Level 4.8 Armour
 - Level 4.0 Dodging
 - Level 2.1 Stealth
 - Level 5.0 Shields
 + Level 10.6 Spellcasting
 - Level 7.0 Conjurations
 - Level 6.0 Summonings
 - Level 12.0 Ice Magic
 - Level 7.0 Air Magic
 - Level 4.0 Evocations


You had 18 spell levels left.
You knew the following spells:

 Your Spells              Type           Power      Damage    Failure   Level
a - Freeze                Ice            100%       1d10      1%          1
b - Frozen Ramparts       Ice            98%        1d15      1%          3
c - Ozocubu's Armour      Ice            49%        N/A       1%          3
d - Summon Ice Beast      Ice/Summ       39%        N/A       9%          4
e - Freezing Cloud        Conj/Ice/Air   19%        6-21      26%         5

Your spell library contained the following spells:

 Spells                   Type           Power      Damage    Failure   Level
 Kiss of Death            Conj/Necr      80%        2d11      9%          1
 Call Canine Familiar     Summ           29%        N/A       9%          3
 Poisonous Vapours        Pois/Air       40%        N/A       12%         2
 Mephitic Cloud           Conj/Pois/Air  24%        N/A       16%         3
 Stone Arrow              Conj/Erth      40%        3d9       24%         3
 Slow                     Hex            36%        N/A       34%         1
 Scorch                   Fire           18%        2d5       45%         2
 Flame Wave               Conj/Fire      20%        2d7       63%         4
 Animate Armour           Summ/Erth      38%        N/A       69%         4
 Confusing Touch          Hex            9%         N/A       71%         3
 Sigil of Binding         Hex            9%         N/A       71%         3
 Vampiric Draining        Necr           9%         2d6       71%         3
 Silence                  Hex/Air        10%        N/A       92%         5
 Summon Forest            Summ/Tloc      9%         N/A       95%         5
 Summon Mana Viper        Hex/Summ       19%        N/A       95%         5
 Conjure Ball Lightning   Conj/Air       16%        3x3d6     96%         6
 Passage of Golubria      Tloc           9%         N/A       98%         4
 Summon Cactus Giant      Summ           14%        N/A       99%         6
 Borgnjor's Vile Clutch   Necr/Erth      4%         N/A       100%        5
 Malign Gateway           Summ/Tloc      9%         N/A       100%        7
 Discord                  Hex            4%         N/A       100%        8
 Disjunction              Tloc           4%         N/A       100%        8
 Lehudib's Crystal Spear  Conj/Erth      10%        10d4      100%        8


Dungeon Overview and Level Annotations

Branches:
Dungeon (13/15) Zot: 26968  Temple (0/1) D:4            Lair (4/5) D:11 Zot: 20087
 Shoals (0/4) Lair:3        Snake (0/4) Lair:3        Slime (5/5) Lair:4 Zot: 26844
    Orc (0/2) D:10          Sewer (visited)           IceCv (visited)
Gauntlet (visited)
 Vaults: D:13-14

Altars:
Ashenzari
Dithmenos
Gozag
Hepliaklqana
Okawaru
Qazlal
Yredelemnul
Jiyva

Annotations:
D:12 Snorg
Slime:5 Royal Jelly


Innate Abilities, Weirdness & Mutations

You are immune to poison.
You have sharp fingernails.
Your flesh is cold resistant. (rC+)
You are immune to negative energy. (rN+++)
You do not regenerate when monsters are visible.
You are immune to unholy pain and torment.
You thrive by killing the living.


Message History

The white ugly thing barely misses your ice beast.
You hear a distant slurping noise.
Your ice beast hits the white ugly thing but does no damage.
The white ugly thing headbutts your ice beast but does no damage.
Snorg goes berserk!
Your ice beast closely misses the white ugly thing.
Snorg rages.
The white ugly thing headbutts your ice beast!
The white ugly thing freezes your ice beast.
Your ice beast completely resists.
Your ice beast hits the white ugly thing but does no damage.
Snorg rages.
The white ugly thing headbutts your ice beast but does no damage.
Your ice beast hits the white ugly thing.
Your ice beast freezes the white ugly thing!
The white ugly thing resists.
The white ugly thing headbutts your ice beast!
The white ugly thing freezes your ice beast.
Your ice beast completely resists.
Your ice beast hits the white ugly thing.
Your ice beast freezes the white ugly thing!
The white ugly thing resists.
There is a stone staircase leading up here.
The white ugly thing headbutts your ice beast!
The white ugly thing freezes your ice beast.
Your ice beast completely resists.
Your ice beast hits the white ugly thing but does no damage.
Snorg rages.
The white ugly thing headbutts your ice beast!
Your ice beast dies!
Your ice beast disappears in a puff of smoke!
The white ugly thing completely misses you.
Snorg rages.
You climb upwards.
There is a stone staircase leading down here.
You whack the white ugly thing!
The white ugly thing is poisoned.
The white ugly thing is heavily wounded.
You block the white ugly thing's attack.
You hit the white ugly thing.
The white ugly thing is heavily wounded.
The white ugly thing headbutts you! The white ugly thing freezes you.
You resist.
You hit the white ugly thing.
The white ugly thing looks as sick as possible!
The white ugly thing convulses.
The white ugly thing seems to slow down.
The white ugly thing is severely wounded.
You block the white ugly thing's attack.
You hit the white ugly thing.
The white ugly thing looks as sick as possible! x2
The white ugly thing convulses.
The white ugly thing seems to be slow for longer.
The white ugly thing is almost dead.
You kill the white ugly thing!
You feel better.
You have reached level 14!
You climb downwards.
Level annotation: Snorg Snorg bites you!
Snorg claws you but does no damage. Snorg claws you.
Snorg bites you but does no damage. Snorg claws you! Snorg closely misses you.
There is a stone staircase leading up here.
You block Snorg's attack. Snorg claws you but does no damage. Snorg claws you!
You climb upwards.
You hear a slurping noise.
There is a stone staircase leading down here.
You closely miss Snorg. Snorg bites you. Snorg completely misses you.
Snorg closely misses you. Snorg barely misses you. Snorg claws you!
You block Snorg's attack.
You closely miss Snorg. Snorg bites you! You block Snorg's attack. x2
Snorg bites you! Snorg claws you but does no damage. x2
You are too injured to fight recklessly!
You are too injured to fight recklessly!
You whack Snorg!
Snorg looks as sick as possible!
Snorg is lightly wounded.
Snorg bites you! Snorg claws you. Snorg claws you but does no damage.
Casting: Summon Ice Beast (dangerous; 9% risk of failure)
Confirm with . or Enter, or press ? or * to list all spells.
A film of ice covers your body! Snorg bites you but does no damage.
You block Snorg's attack. Snorg barely misses you.
Snorg bites you but does no damage. Snorg barely misses you.
You block Snorg's attack.
Casting: Ozocubu's Armour (safe; 1% risk of failure)
Confirm with . or Enter, or press ? or * to list all spells.
The walls around you are covered in ice.
The wall freezes Snorg.
Snorg bites you!!
* * * LOW HITPOINT WARNING * * *
You block Snorg's attack. x2
A thick mucus forms on the +8 whip "Snakebite" {venom, curare, rPois}.
The wall freezes Snorg!
You block Snorg's attack. Snorg claws you.
* * * LOW HITPOINT WARNING * * *
You block Snorg's attack.
The wall freezes Snorg.
Snorg barely misses you. Snorg claws you but does no damage.
Snorg closely misses you.
You closely miss Snorg.
Snorg is lightly wounded.
The wall freezes Snorg!
Snorg bites you but does no damage. Snorg claws you!
* * * LOW HITPOINT WARNING * * *
You block Snorg's attack.
The wall freezes Snorg.
Snorg bites you.
* * * LOW HITPOINT WARNING * * *
You block Snorg's attack. Snorg claws you!
You die...

#####.# ......# #####.# .# #.# .#
#.# .# #.# <####.#####
###.......########
..'............T@#
###........#####.# ...........#
#.#
.##.......######J################
.##.............................#
.##.......###..J.....##########.#
.##.......###........# #.#
.##....#~~~##........# #.#
.######~~~~~#........# #.#


You could see Snorg (berserk, very poisoned) and 2 neutral slime creatures
(fellow slime).

Vanquished Creatures
  Kirke (Lair:3)
  A catoblepas (Lair:4)
  A boulder beetle (D:12)
  2 two-headed ogres
  2 tengu warriors (D:11)
  A skyshark (Lair:2)
  A bog body (IceCv)
  A necromancer (IceCv)
  2 cyclopes (D:11)
  An ugly thing (D:12)
  A worldbinder (Gauntlet)
  An oklob plant (Lair:1)
  4 merfolk sirens (Lair:3)
  Maurice (D:10)
  6 black mambas
  2 ice statues (IceCv)
  A gargoyle (D:10)
  3 cane toads
  An apocalypse crab (Gauntlet)
  An unseen horror (D:10)
  A freezing wraith (IceCv)
  2 anaconda simulacra (IceCv)
  4 komodo dragons
  Jeremiah (D:7)
  3 rime drakes (Lair:4)
  3 ice devils (IceCv)
  6 trolls
  2 polar bears
  13 blink frogs
  2 shadows
  2 wraiths
  5 wyverns
  36 yaks
  3 humans (Lair:3)
  A steam dragon (D:7)
  A hog (Lair:3)
  A death yak simulacrum (IceCv)
  3 harpy simulacra (IceCv)
  4 nagas (Lair:3)
  2 acid dragons
  6 water moccasins
  Pargi (Sewer)
  3 orc warriors
  3 black bears
  2 ice beasts
  A boggart (Gauntlet)
  12 wolves
  A centaur (D:8)
  A kobold brigand (D:6)
  16 bullfrogs
  A gnoll sergeant (D:10)
  4 cane toad simulacra
  5 two-headed ogre simulacra
  2 scorpions
  An elephant simulacrum (D:12)
  7 killer bees
  A howler monkey (D:4)
  6 orc priests
  2 sleepcaps
  4 hounds
  2 gnoll boudas
  5 iguanas
  Natasha (thrice) (D:2)
  2 troll simulacra (IceCv)
  3 orc wizards
  A spriggan simulacrum (IceCv)
  A wolf simulacrum (D:12)
  14 gnolls
  7 adders
  A shadow imp (D:5)
  A white imp (D:6)
  An ufetubus (D:6)
  2 dart slugs
  22 orcs
  7 giant cockroaches
  10 goblins
  7 hobgoblins
  3 jackals (D:3)
  6 kobolds
  A quokka (D:1)
  9 ball pythons
  3 bats
  4 frilled lizards (Sewer)
  2 rats
325 creatures vanquished.

Vanquished Creatures (collateral kills)
  A minotaur (Gauntlet)
  A boulder beetle (Lair:3)
  A gargoyle (D:6)
  2 komodo dragons
  A freezing wraith (IceCv)
  A blink frog (Lair:1)
  A wyvern (Lair:3)
  An orc warrior (D:7)
  2 wolves (Lair:3)
  2 orc priests (D:7)
  2 hounds
  3 orc wizards (D:6)
  An ufetubus (D:6)
  An orc (D:7)
20 creatures vanquished.

Vanquished Creatures (others)
  A death yak (Lair:3)
  3 kobold demonologists (D:12)
  2 slime creatures
  10 yaks
  A wraith (D:10)
  A phantom (D:5)
  2 bullfrogs (Lair:1)
  2 killer bees (D:10)
  2 electric eels
  48 jellies
  An orc priest (D:9)
  An iguana (D:5)
  An orc wizard (D:9)
  2 gnolls
  2 adders (D:5)
  A dart slug (D:4)
  An endoplasm (D:2)
  7 orcs
  2 giant cockroaches (D:3)
  2 goblins
  2 hobgoblins (D:4)
  3 quokkas
  2 ball pythons (D:4)
  A frilled lizard (D:3)
  3 kobolds
103 creatures vanquished.

Grand Total: 448 creatures vanquished

Notes
Turn   | Place    | Note
-------+----------+-------------------------------------------
     0 | D:1      | Flugkiller the Ghoul Ice Elementalist began the quest for
                  | the Orb.
     0 | D:1      | Reached XP level 1. HP: 14/14 MP: 2/2
   368 | D:1      | Reached XP level 2. HP: 13/20 MP: 2/4
   891 | D:1      | Found a faded altar of an unknown god.
   902 | D:1      | Prayed at the altar of an unknown god.
   902 | D:1      | Became a worshipper of Jiyva Jothrem the Shapeless
   902 | D:1      | Reached * piety under Jiyva
  1182 | D:2      | Found a hazy altar of Hepliaklqana.
  1298 | D:2      | You fall into a shaft and drop 2 floors!
  1311 | D:4      | Reached ** piety under Jiyva
  1326 | D:4      | Reached XP level 3. HP: 22/26 MP: 3/5
  1351 | D:4      | Reached skill level 5 in Ice Magic
  1381 | D:3      | Learned a level 3 spell: Frozen Ramparts
  1385 | D:3      | Learned a level 3 spell: Ozocubu's Armour
  1493 | D:3      | Reached XP level 4. HP: 33/33 MP: 5/7
  1514 | D:3      | Found a glowing drain.
  1524 | Sewer    | Entered a sewer
  1559 | Sewer    | Noticed Pargi
  1570 | Sewer    | Killed Pargi
  1571 | Sewer    | Reached XP level 5. HP: 31/38 MP: 5/9
  1712 | D:3      | Reached skill level 6 in Ice Magic
  1998 | D:3      | Reached *** piety under Jiyva
  2642 | D:2      | Noticed Natasha
  2652 | D:2      | Killed Natasha
  2700 | D:2      | Learned a level 4 spell: Summon Ice Beast
  2848 | D:2      | Reached **** piety under Jiyva
  2986 | D:2      | Noticed Natasha
  2990 | D:2      | Killed Natasha
  2991 | D:2      | Reached XP level 6. HP: 42/45 MP: 9/11
  3033 | D:2      | Found a hazy altar of Hepliaklqana.
  3072 | D:2      | Noticed Natasha
  3084 | D:2      | Killed Natasha
  3878 | D:4      | Found a hazy altar of Hepliaklqana.
  3952 | D:4      | Reached skill level 1 in Fighting
  4092 | D:4      | Found a staircase to the Ecumenical Temple.
  4273 | D:5      | Entered Level 5 of the Dungeon
  4344 | D:5      | Noticed a black bear
  4374 | D:5      | Reached skill level 1 in Summonings
  4378 | D:5      | Killed a black bear
  4379 | D:5      | Reached XP level 7. HP: 49/53 MP: 7/12
  4712 | D:5      | Reached ***** piety under Jiyva
  4738 | D:5      | Found an iron altar of Okawaru.
  5212 | D:6      | Reached skill level 7 in Ice Magic
  5252 | D:6      | Reached skill level 5 in Spellcasting
  5262 | D:6      | Reached XP level 8. HP: 61/61 MP: 8/14
  5303 | D:6      | Noticed a gargoyle
  5320 | D:6      | Killed a gargoyle
  5321 | D:6      | Reached skill level 8 in Ice Magic
  5860 | D:7      | Found a broken altar of Ashenzari.
  5861 | D:7      | Reached ****** piety under Jiyva
  5915 | D:7      | Reached XP level 9. HP: 69/69 MP: 16/16
  5990 | D:7      | Reached skill level 5 in Summonings
  6108 | D:7      | Reached skill level 9 in Ice Magic
  6368 | D:7      | Found a stormy altar of Qazlal.
  6370 | D:7      | Found a basalt altar of Yredelemnul.
  6598 | D:8      | Identified the +4 sling of Instant Death {drain, rElec
                  | rPois rCorr}
  6620 | D:8      | Noticed Jeremiah
  6814 | D:7      | Killed Jeremiah
  6900 | D:8      | Found an opulent altar of Gozag.
  6922 | D:8      | Reached skill level 10 in Ice Magic
  7335 | D:9      | Reached XP level 10. HP: 39/77 MP: 17/19
  7815 | D:9      | Found a shadowy altar of Dithmenos.
  7911 | D:10     | Entered Level 10 of the Dungeon
  7917 | D:10     | Noticed Maurice
  7920 | D:10     | Maurice stole 328 gold
  7924 | D:10     | Something stole a +3 flail
  7925 | D:10     | Killed Maurice
  8190 | D:10     | Reached skill level 5 in Fighting
  8332 | D:10     | Found a staircase to the Orcish Mines.
  8450 | D:10     | Noticed a gargoyle
  8457 | D:10     | Reached skill level 1 in Evocations
  8464 | D:10     | Killed a gargoyle
  8516 | D:10     | Reached skill level 1 in Armour
  8807 | D:10     | Noticed a two-headed ogre
  8815 | D:10     | Reached XP level 11. HP: 77/86 MP: 17/22
  8818 | D:10     | Killed a two-headed ogre
  9279 | D:11     | Reached skill level 1 in Shields
  9497 | D:11     | Noticed a tengu warrior
  9498 | D:11     | Noticed a tengu warrior
  9513 | D:11     | Killed a tengu warrior
  9513 | D:11     | Killed a tengu warrior
  9514 | D:11     | Reached skill level 11 in Ice Magic
  9591 | D:11     | Noticed a cyclops
  9597 | D:11     | Killed a cyclops
  9622 | D:11     | Noticed a cyclops
  9644 | D:11     | Killed a cyclops
  9791 | D:11     | Found a staircase to the Lair.
  9792 | D:11     | Noticed a two-headed ogre
  9800 | D:11     | Killed a two-headed ogre
  9935 | Lair:1   | Entered Level 1 of the Lair of Beasts
  9935 | Lair:1   | Noticed an oklob plant
  9997 | Lair:1   | Learned a level 5 spell: Freezing Cloud
 10071 | Lair:1   | Reached XP level 12. HP: 91/94 MP: 19/24
 10073 | Lair:1   | Reached skill level 1 in Conjurations
 10073 | Lair:1   | Reached skill level 1 in Air Magic
 10080 | Lair:1   | Reached skill level 5 in Shields
 10738 | Lair:2   | Reached skill level 10 in Spellcasting
 11152 | Lair:2   | Noticed a skyshark
 11163 | Lair:2   | Killed a skyshark
 11598 | Lair:3   | Found a staircase to the Snake Pit.
 11634 | Lair:3   | Noticed Rupert
 11644 | Lair:3   | Slimified Rupert
 11644 | Lair:3   | Rupert changed into Rupert the acid blob
 11644 | Lair:3   | Noticed Rupert
 11860 | Lair:3   | Noticed a death yak
 11869 | Lair:3   | Noticed a death yak
 11869 | Lair:3   | Noticed a death yak
 11876 | Lair:3   | Slimified a death yak
 11876 | Lair:3   | a death yak changed into a slime creature
 11880 | Lair:3   | Slimified a death yak
 11880 | Lair:3   | a death yak changed into an acid blob
 11880 | Lair:3   | Noticed an acid blob
 11882 | Lair:3   | Killed a death yak
 11892 | Lair:3   | Noticed a boulder beetle
 11910 | Lair:3   | Reached skill level 5 in Conjurations
 11910 | Lair:3   | Reached skill level 5 in Air Magic
 11910 | Lair:3   | Killed a boulder beetle
 12022 | Lair:3   | Reached XP level 13. HP: 100/100 MP: 19/26
 12068 | Lair:3   | Found a staircase to the Shoals.
 12149 | Lair:3   | Noticed Kirke
 12156 | Lair:3   | Killed Kirke
 12198 | Lair:3   | Identified the +0 scale mail "Tik Fiwk" {Drain rC+ rCorr
                  | Int+4}
 12860 | Lair:4   | Found a gate leading to a gauntlet.
 12867 | Gauntlet | Entered a Gauntlet
 12867 | Gauntlet | Found a transporter.
 12867 | Gauntlet | Found a transporter.
 12882 | Gauntlet | Found a transporter.
 12884 | Gauntlet | Found the +3 pair of mountain boots {steadfast, rC+}
 12900 | Gauntlet | Found a transporter.
 12900 | Gauntlet | Found a transporter.
 12900 | Gauntlet | Found a transporter.
 12902 | Gauntlet | Found a transporter.
 12902 | Gauntlet | Found a transporter.
 12914 | Gauntlet | Found a transporter.
 12930 | Gauntlet | Found a transporter.
 12937 | Gauntlet | Noticed a reaper
 12940 | Gauntlet | Found a transporter.
 12945 | Gauntlet | Found a transporter.
 12979 | Gauntlet | Found a transporter.
 12982 | Gauntlet | Found a runed translucent gate.
 12982 | Gauntlet | Found a runed translucent gate.
 12982 | Gauntlet | Found a runed translucent gate.
 12991 | Gauntlet | Found a transporter.
 13145 | Gauntlet | Noticed a minotaur
 13157 | Gauntlet | Killed a minotaur
 13164 | Gauntlet | Identified the +2 leather armour of the Snake Pit {rC++
                  | Str+2 Slay-5 Stlth+}
 13441 | Lair:4   | Found a staircase to the Slime Pits.
 13442 | Lair:4   | Found a viscous altar of Jiyva.
 13942 | Slime:1  | Entered Level 1 of the Pits of Slime
 13942 | Slime:1  | Noticed an acid blob
 13944 | Slime:1  | Found a viscous altar of Jiyva.
 13946 | Slime:1  | Noticed a quicksilver ooze
 13946 | Slime:1  | Noticed a great orb of eyes
 13951 | Slime:2  | Noticed a great orb of eyes
 13956 | Slime:3  | Noticed an acid blob
 13962 | Slime:4  | Noticed an acid blob
 13962 | Slime:4  | Noticed a rockslime
 13963 | Slime:4  | Noticed an acid blob
 13968 | Slime:4  | Noticed an azure jelly
 13973 | Slime:4  | Noticed a quicksilver ooze
 13977 | Slime:5  | Entered Level 5 of the Pits of Slime
 13978 | Slime:5  | Found a viscous altar of Jiyva.
 13980 | Slime:5  | Identified the +3 scale mail of Meuq {Int+3}
 13988 | Slime:5  | Identified the +0 long sword "Yzorher" {flame, rN+ Dex+3}
 14001 | Slime:5  | Noticed a quicksilver ooze
 14006 | Slime:5  | Identified the +9 battleaxe of Sozxaj {protect, rC+ Dex+3}
 14008 | Slime:5  | Identified the +8 glaive of Taxation {antimagic, *Rage rN+
                  | Dex+2 Stlth+}
 14017 | Slime:5  | Noticed an acid blob
 14018 | Slime:5  | Noticed a rockslime
 14018 | Slime:5  | Noticed an acid blob
 14022 | Slime:5  | Noticed the Royal Jelly
 14025 | Slime:5  | Got a slimy rune of Zot
 14031 | Slime:5  | Found the +8 whip "Snakebite" {venom, curare, rPois}
 14037 | Slime:5  | Got a thrumming book
 14050 | Slime:5  | Noticed an acid blob
 14092 | Slime:5  | Identified the -1 barding of Time Monsters {rElec Regen+
                  | Str+4}
 14098 | Slime:4  | Noticed a quicksilver ooze
 14434 | D:12     | Found a frozen archway.
 14488 | IceCv    | Entered an ice cave
 14917 | IceCv    | Identified the +6 morningstar of Jukem {freeze, Contam
                  | Dex+5}
 15248 | D:12     | Reached skill level 12 in Ice Magic
 15479 | D:13     | Noticed Snorg
 15497 | D:12     | Reached XP level 14. HP: 113/113 MP: 27/27
 15507 | D:12     | Mangled by Snorg

Illustrated notes

Levels and vault maps discovered:
D:1:      minmay_arrival_floating_metal, layout_basic,
          dilly_ecumenical_altar_fadedgnrine
D:2:      layout_basic, basic_altar, minmay_misc_feat_diagonals,
          chequers_serial_rivers_micro_d, solitary_fountain,
          chequers_serial_rivers_small_a, grunt_ministairs_11,
          serial_bayou_pond_e, uniq_natasha
D:3:      layout_basic, gup_sewer_entry_bubbles, minmay_misc_feat_iff
D:4:      layout_loops_ring, mainiacjoe_overflow_surrounded_room,
          minmay_temple_entry_drinking_statues, minmay_quantized
D:5:      layout_cave_pods, mainiacjoe_overflow_24_doors
D:6:      layout_basic, corexii_shack
D:7:      layout_rooms, nicolae_ashenzari_skybound,
          mainiacjoe_overflow_alcove_3, supply_closet_lemuel, wad_woods_river_04
D:8:      layout_cave_pools, kennysheep_mini, nicolae_nh_ransacked_shop,
          uniq_jeremiah
D:9:      layout_loops_ring, grunt_dithmenos_smoke_and_mirrors
D:10:     minmay_bubble_buster, layout_basic, orc_0_dummy,
          minmay_tree_intersection, uniq_maurice
D:11:     layout_roguey, grunt_lair_entry_orc_guard_hut, minmay_misc_feat_rugged
D:12:     layout_basic, portal_ice_cave_entry_ice_simulacra
D:13:     layout_roguey, hellmonk_vaults_attempted_burglary, serial_shops, shop,
          serial_corexii_hall, corexii_hall_statues_deadend,
          corexii_hall_statues_i, corexii_hall_statues_i,
          kennysheep_small_square, uniq_snorg
Lair:1:   layout_big_grid, serial_rivers, chequers_serial_rivers_micro_b,
          chequers_serial_rivers_room_b, chequers_serial_rivers_marsh,
          chequers_serial_rivers_micro_c, chequers_serial_rivers_small_a,
          dpeg_stationary_puzzle
Lair:2:   layout_cave_pods, nicolae_quartered_pool_little
Lair:3:   layout_hall_layers, elwin_shoals_entry_stream,
          minmay_snake_entry_guardpost_large, uniq_kirke, uniq_rupert
Lair:4:   layout_regular_city, slime_entry_1, gauntlet_entry_generic,
          serial_bayou_lagoon_a
Slime:1:  layout_caves, basic_altar
Slime:2:  layout_caves, cheibrodos_slime_lost_civilization_4
Slime:3:  layout_caves
Slime:4:  layout_caves
Slime:5:  slime_pit_nicolae_jellycorners

Skill      XL: |  1  2  3  4  5  6  7  8  9 10 11 12 13 |
---------------+----------------------------------------+-----
Spellcasting   | 2 3 4 5 7 8 9 10 | 10.6
Ice Magic      | 5 6 7 8 10 11 12 | 12.0
Fighting       | 1 2 3 5 7 |  7.0
Summonings     | 1 3 4 6 |  6.0
Dodging        | 4 |  4.0
Evocations     | 4 |  4.0
Armour         | 3 4 |  4.8
Shields        | 4 5 |  5.0
Conjurations   | 5 7 |  7.0
Air Magic      | 5 7 |  7.0
Stealth        | |  2.1

Action                     |  1- 3 |  4- 6 |  7- 9 | 10-12 | 13-15 || total
---------------------------+-------+-------+-------+-------+-------++-------
  Melee: Whip              |    34 |    38 |    14 |       |   423 ||   509
         Punch             |     2 |       |     1 |       |       ||     3
         Dagger            |       |       |    93 |    23 |    65 ||   181
   Fire: Sling             |       |       |    83 |   397 |    35 ||   515
  Throw: Dart              |       |       |       |     1 |       ||     1
   Cast: Freeze            |    43 |    72 |    86 |   146 |    59 ||   406
         Frozen Ramparts   |       |     3 |    18 |    56 |    21 ||    98
         Ozocubu's Armour  |       |     1 |     2 |    26 |     3 ||    32
         Summon Ice Beast  |       |       |     1 |     1 |     3 ||     5
         Freezing Cloud    |       |       |       |     1 |     4 ||     5
 Invoke: Slimify           |       |       |     1 |     3 |     2 ||     6
         Oozemancy         |       |       |       |       |     1 ||     1
  Evoke: Wand              |       |       |     2 |     1 |     2 ||     5
         Sack of spiders   |       |       |       |       |     1 ||     1
    Use: Potion            |       |     1 |       |       |    10 ||    11
         Scroll            |       |     3 |     1 |     2 |     9 ||    15
   Stab: Sleeping          |     1 |       |       |       |       ||     1
         Distracted        |       |       |     1 |       |       ||     1
 Armour: Robe              |    29 |    63 |   206 |    20 |       ||   318
         Acid dragon scale |       |       |       |   388 |   158 ||   546
         Troll leather arm |       |       |       |    17 |       ||    17
         Scale mail        |       |       |       |       |   464 ||   464
  Dodge: Dodged            |    45 |    85 |   157 |   296 |   300 ||   883
  Block: Buckler           |       |       |       |   214 |   446 ||   660
         Reflection        |       |       |       |     5 |     6 ||    11

Table legend: (Time is in decaauts)
 A = Elapsed time spent in this place.
 B = Non-inter-level travel time spent in this place.
 C = Inter-level travel time spent in this place.
 D = Time resting spent in this place.
 E = Time spent auto-exploring this place.
 F = Levels seen in this place.
 G = Mean time per level.
                   A        B        C        D        E       F      G
               +--------+--------+--------+--------+--------+-----+--------+
         Total |  16093 |  15440 |    653 |    813 |   9944 |  25 |  643.7 |
       Dungeon |  10900 |  10415 |    485 |    666 |   7365 |  13 |  838.5 |
          Lair |   3912 |   3778 |    134 |     95 |   2449 |   4 |  978.0 |
    Slime Pits |    189 |    156 |     33 |      0 |      0 |   5 |   37.8 |
         Sewer |     84 |     84 |      0 |      0 |      0 |   1 |   84.0 |
      Ice Cave |    664 |    664 |      0 |     35 |      0 |   1 |  664.0 |
      Gauntlet |    341 |    341 |      0 |     17 |    130 |   1 |  341.0 |
               +--------+--------+--------+--------+--------+-----+--------+

Top non-repeatable levels by time:
    D:10: 1373 daAuts
     D:2: 1297 daAuts
     D:3: 1162 daAuts
  Lair:3: 1147 daAuts
     D:1: 1084 daAuts
  Lair:4: 1034 daAuts
     D:7: 949 daAuts
  Lair:1: 897 daAuts
    D:11: 879 daAuts
     D:5: 872 daAuts
  Lair:2: 833 daAuts
     D:4: 722 daAuts
     D:6: 702 daAuts
     D:9: 683 daAuts
    D:12: 666 daAuts
